Islander vs Thunderbirds
Created - March 20, 2025 at 19:34
Goals
|
| Islander |
1 |
2 |
1 |
4 |
| Thunderbirds |
1 |
3 |
3 |
7 |
|
Shots
|
| Islander |
16 |
10 |
16 |
42 |
| Thunderbirds |
8 |
11 |
11 |
30 |
|
1st period
1. Islander , Austin Watson 25 (Joe Labate 41) at 7:47
2. Thunderbirds , Dylan Sikura 18 (Anthony Richard 29) at 13:39
Penalties :
Joe Labate (BRI) for Tripping (Minor) at 17:31
2nd period
3. Islander , Rhett Gardner 17 (Tyrell Goulbourne 14) at 0:58
4. Islander , Tyrell Goulbourne 23 (Rhett Gardner 31, Kirill Marchenko 9) at 3:04
5. Thunderbirds , Trey Fix-Wolansky 14 (Matt Roy 14, Rasmus Kupari 11) at 8:37
6. Thunderbirds , Sami Niku 3 (Emil Bemstrom 22, Jeremy Lauzon 31) at 9:33 (PP)
7. Thunderbirds , Dylan Sikura 19 (Sami Niku 23, Jeremy Lauzon 32) at 14:02
Penalties :
Alex Steeves (BRI) for Delaying the game (Minor) at 3:47, Ben Thomson (BRI) for Tripping (Minor) at 8:56, Steven Spinner (BRI) for Delaying the game (Minor) at 11:22
3rd period
8. Thunderbirds , Pierre Engvall 9 (Joachim Blichfeld 41, Rourke Chartier 53) at 2:56
9. Thunderbirds , Rourke Chartier 31 (Jeremy Lauzon 33, Joachim Blichfeld 42) at 4:40
10. Thunderbirds , Dylan Sikura 20 (Anthony Richard 30) at 9:14
11. Islander , Ben Thomson 27 (Austin Watson 29, Joe Labate 42) at 17:07 (PP)
Penalties :
Austin Watson (BRI) for Hooking (Minor) at 4:53, Kirill Marchenko (BRI) for Tripping (Minor) at 10:00, Joachim Blichfeld (Spr) for Hooking (Minor) at 16:16, Sami Niku (Spr) for Hooking (Minor) at 17:55
Goalie Stats
Chris Driedger (BRI), 17 saves from 22 shots - (0.773), L, 1-4-0, 42:56 minutes
Kaapo Kahkonen (BRI), 6 saves from 8 shots - (0.750), 17:04 minutes
Emil Larmi (Spr), 38 saves from 42 shots - (0.905), W, 22-19-2, 60:00 minutes
Players Stats for Islander
Player Name G A P +/- PIM S H SB GA TA FO MP PP MP PK MP
------------------------------------------------------------------------------------
Alex Steeves 0 0 0 -2 2 0 1 0 0 0 0/2 11:12 0:00 1:48
Austin Watson 1 1 2 -1 2 6 2 0 1 0 0/3 18:39 1:53 0:00
Ben Thomson 1 0 1 -1 2 7 4 1 0 0 0/4 23:18 1:53 4:58
Casey Staum 0 0 0 -1 0 0 1 0 0 2 0/0 19:25 0:51 4:24
Filip Zadina 0 0 0 -2 0 3 2 0 0 0 0/0 9:51 0:00 0:08
Jake Walman 0 0 0 -3 0 2 2 2 0 3 0/0 27:22 1:59 6:08
Jakub Galvas 0 0 0 -1 0 3 0 2 0 2 0/0 19:25 0:51 4:24
Joe Labate 0 2 2 -1 2 5 1 0 1 2 20/36 22:53 1:53 4:43
Kirill Marchenko 0 1 1 1 2 2 0 0 0 0 0/1 14:38 0:57 0:00
Noah Cates 0 0 0 -1 0 1 2 0 1 1 0/0 9:39 0:00 2:30
Oliver Kylington 0 0 0 -3 0 2 1 2 1 2 0/0 27:22 1:59 6:08
Philip Tomasino 0 0 0 -1 0 1 0 0 1 0 2/5 7:46 0:00 0:38
Radovan Bondra 0 0 0 -1 0 0 0 0 0 0 0/0 7:08 0:00 0:00
Rhett Gardner 1 1 2 1 0 7 1 2 0 0 5/13 17:20 0:57 2:35
Ronnie Attard 0 0 0 1 0 1 0 2 0 1 0/0 12:43 0:00 0:00
Steven Spinner 0 0 0 -2 2 0 0 1 1 0 0/0 9:29 0:00 0:00
Tyrell Goulbourne 1 1 2 1 0 2 1 2 0 0 1/2 18:29 0:57 3:44
Ville Heinola 0 0 0 1 0 0 1 0 0 0 0/0 12:43 0:00 0:00
Players Stats for Thunderbirds
Player Name G A P +/- PIM S H SB GA TA FO MP PP MP PK MP
------------------------------------------------------------------------------------
Anthony Richard 0 2 2 -1 0 3 2 0 1 0 9/18 18:07 4:51 0:29
Artturi Lehkonen 0 0 0 1 0 3 1 0 0 0 0/0 10:42 0:01 0:25
Dylan Blujus 0 0 0 3 0 0 1 0 3 0 0/0 19:08 0:00 0:50
Dylan Sikura 3 0 3 0 0 4 1 0 1 0 2/2 13:55 0:01 0:29
Emil Bemstrom 0 1 1 0 0 2 1 1 0 0 0/0 14:29 4:51 0:00
Frederic Allard 0 0 0 0 0 1 1 1 0 0 0/0 11:01 0:00 0:50
Henri Jokiharju 0 0 0 -1 0 3 2 1 0 0 0/0 24:56 3:46 2:00
Jeremy Lauzon 0 3 3 1 0 1 1 1 1 3 0/0 30:05 6:46 2:00
Joachim Blichfeld 0 2 2 2 2 3 1 0 2 0 3/3 21:56 5:40 0:00
Matt Roy 0 1 1 2 0 0 1 0 0 0 0/0 17:53 3:46 0:00
Michael Rasmussen 0 0 0 -1 0 0 2 0 0 0 0/0 18:19 5:34 0:00
Paul Cotter 0 0 0 1 0 0 0 0 0 1 0/0 7:18 0:00 0:00
Pierre Engvall 1 0 1 2 0 1 0 1 0 1 1/2 23:04 4:51 1:56
Rasmus Kupari 0 1 1 1 0 1 0 1 1 0 2/4 7:18 0:00 0:00
Rourke Chartier 1 1 2 2 0 3 1 0 2 1 18/31 21:57 5:40 0:00
Sami Niku 1 1 2 1 2 2 1 0 1 0 0/0 16:58 6:46 0:00
Trent Frederic 0 0 0 1 0 1 1 0 0 0 2/5 12:08 0:07 1:45
Trey Fix-Wolansky 1 0 1 1 0 2 1 0 1 0 1/1 7:54 0:00 0:36
3 Stars
1 - Dylan Sikura (Spr)
2 - Rourke Chartier (Spr)
3 - Jeremy Lauzon (Spr)
Power Play
Islander - 1 on 2 Attempt(s) - 50.00%
Thunderbirds - 1 on 6 Attempt(s) - 16.67%
Penalty Kill
Islander - 5 on 6 Attempt(s) - 83.33%
- Score 0 goal in Penalty Kill
Thunderbirds - 1 on 2 Attempt(s) - 50.00%
- Score 0 goal in Penalty Kill
Team Stat
Islander - Hits : 19 - Faceoff Wins : 28 - Blocked Shots : 14 - Penalty Minutes : 12
Thunderbirds - Hits : 18 - Faceoff Wins : 38 - Blocked Shots : 6 - Penalty Minutes : 4
Official
Referees : Kelly Sutherland and Dean Morton
Linesman : Shandor Alphonso and Jesse Marquis
Game Notes
Kaapo Kahkonen enters game at 2:56 of 3rd period
Dylan Sikura has scored a Hat Trick!
Finance
Level 1 -- Attendance: 1841 (92.05%) -- Ticket Income $128,870
Level 2 -- Attendance: 1000 (100.00%) -- Ticket Income $40,000
Total Attendance: 2841 (94.70%)
Total Ticket Income: $168,870
Other Income: $8,444
Total Income: $177,314
Islander
5 vs 5 Forward
Center Left Wing Right Wing Time % Phy DF OF
1 Joe Labate Ben Thomson Austin Watson 40 1 2 2
2 Rhett Gardner Tyrell Goulbourne Kirill Marchenko 30 1 2 2
3 Alex Steeves Filip Zadina Steven Spinner 20 1 2 2
4 Philip Tomasino Noah Cates Radovan Bondra 10 1 2 2
5 vs 5 Defense
Defense Defense Time % Phy DF OF
1 Oliver Kylington Jake Walman 40 1 2 2
2 Jakub Galvas Casey Staum 30 1 2 2
3 Ronnie Attard Ville Heinola 20 1 2 2
4 Oliver Kylington Jake Walman 10 1 2 2
PowerPlay Forward
Center Left Wing Right Wing Time % Phy DF OF
1 Joe Labate Ben Thomson Austin Watson 60 1 2 2
2 Rhett Gardner Tyrell Goulbourne Kirill Marchenko 40 1 2 2
PowerPlay Defense
Defense Defense Time % Phy DF OF
1 Oliver Kylington Jake Walman 60 1 2 2
2 Jakub Galvas Casey Staum 40 1 2 2
Penalty Kill 4 Players Forward
Center Wing Time % Phy DF OF
1 Joe Labate Ben Thomson 60 1 2 2
2 Rhett Gardner Tyrell Goulbourne 40 1 2 2
Penalty Kill 4 Players Defense
Defense Defense Time % Phy DF OF
1 Oliver Kylington Jake Walman 60 1 2 2
2 Jakub Galvas Casey Staum 40 1 2 2
Penalty Kill - 3 Players Forward
Forward Time % Phy DF OF
1 Joe Labate 60 1 2 2
2 Rhett Gardner 40 1 2 2
Penalty Kill - 3 Players Defense
Defense Defense Time % Phy DF OF
1 Oliver Kylington Jake Walman 60 1 2 2
2 Jakub Galvas Casey Staum 40 1 2 2
4 vs 4 Forward
Center Wing Time % Phy DF OF
1 Joe Labate Ben Thomson 60 1 2 2
2 Rhett Gardner Tyrell Goulbourne 40 1 2 2
4 vs 4 Defense
Defense Defense Time % Phy DF OF
1 Oliver Kylington Jake Walman 60 1 2 2
2 Jakub Galvas Casey Staum 40 1 2 2
Last Minutes Offensive
Center Left Wing Right Wing Defense Defense
Joe Labate Ben Thomson Austin Watson Oliver Kylington Jake Walman
Last Minutes Defensive
Center Left Wing Right Wing Defense Defense
Joe Labate Ben Thomson Austin Watson Oliver Kylington Jake Walman
Goaltenders
Starting : Chris Driedger
Backup : Kaapo Kahkonen
Extra Forwards
Normal : Tyrell Goulbourne, Filip Zadina, Kirill Marchenko - PP : Tyrell Goulbourne, Filip Zadina - PK : Tyrell Goulbourne
Extra Defensemen
Normal : Casey Staum, Ronnie Attard, Ville Heinola - PP : Casey Staum - PK : Casey Staum, Ronnie Attard
Penalty Shots
Austin Watson, Joe Labate, Ben Thomson, Rhett Gardner, Tyrell Goulbourne
Custom OT Lines Forwards
Austin Watson, Joe Labate, Ben Thomson, Rhett Gardner, Tyrell Goulbourne, Filip Zadina, Kirill Marchenko, Noah Cates, Steven Spinner, Alex Steeves
Custom OT Lines Defensemen
Oliver Kylington, Jake Walman, Jakub Galvas, Casey Staum, Ronnie Attard
Scratches
Alexander Yelesin (Healthy), Connor Dewar (Healthy), Jaden Lindo (Sore Left Knee Injury), Slater Koekkoek (Sprained Left Finger Injury), Ross Colton (Sprained Left Finger Injury)
Cole Koepke (Healthy), Marcus Davidsson (Healthy), Pavel Koltygin (Healthy), Frederik Dichow (Healthy)
Thunderbirds
5 vs 5 Forward
Center Left Wing Right Wing Time % Phy DF OF
1 Rourke Chartier Pierre Engvall Joachim Blichfeld 40 1 2 2
2 Anthony Richard Michael Rasmussen Dylan Sikura 30 1 2 2
3 Trent Frederic Artturi Lehkonen Emil Bemstrom 20 1 2 2
4 Rasmus Kupari Paul Cotter Trey Fix-Wolansky 10 1 2 2
5 vs 5 Defense
Defense Defense Time % Phy DF OF
1 Jeremy Lauzon Henri Jokiharju 40 1 2 2
2 Dylan Blujus Matt Roy 30 1 2 2
3 Frederic Allard Sami Niku 20 1 2 2
4 Jeremy Lauzon Dylan Blujus 10 1 2 2
PowerPlay Forward
Center Left Wing Right Wing Time % Phy DF OF
1 Rourke Chartier Michael Rasmussen Joachim Blichfeld 60 1 2 2
2 Anthony Richard Pierre Engvall Emil Bemstrom 40 1 2 2
PowerPlay Defense
Defense Defense Time % Phy DF OF
1 Sami Niku Jeremy Lauzon 60 1 2 2
2 Matt Roy Henri Jokiharju 40 1 2 2
Penalty Kill 4 Players Forward
Center Wing Time % Phy DF OF
1 Trent Frederic Pierre Engvall 60 1 2 2
2 Anthony Richard Dylan Sikura 40 1 2 2
Penalty Kill 4 Players Defense
Defense Defense Time % Phy DF OF
1 Henri Jokiharju Jeremy Lauzon 60 1 2 2
2 Dylan Blujus Frederic Allard 40 1 2 2
Penalty Kill - 3 Players Forward
Forward Time % Phy DF OF
1 Trent Frederic 60 1 2 2
2 Anthony Richard 40 1 2 2
Penalty Kill - 3 Players Defense
Defense Defense Time % Phy DF OF
1 Dylan Blujus Henri Jokiharju 60 1 2 2
2 Jeremy Lauzon Frederic Allard 40 1 2 2
4 vs 4 Forward
Center Wing Time % Phy DF OF
1 Rourke Chartier Michael Rasmussen 60 1 2 2
2 Anthony Richard Pierre Engvall 40 1 2 2
4 vs 4 Defense
Defense Defense Time % Phy DF OF
1 Henri Jokiharju Dylan Blujus 60 1 2 2
2 Matt Roy Jeremy Lauzon 40 1 2 2
Last Minutes Offensive
Center Left Wing Right Wing Defense Defense
Rourke Chartier Pierre Engvall Joachim Blichfeld Jeremy Lauzon Sami Niku
Last Minutes Defensive
Center Left Wing Right Wing Defense Defense
Trent Frederic Artturi Lehkonen Pierre Engvall Henri Jokiharju Frederic Allard
Goaltenders
Starting : Emil Larmi
Backup : Magnus Hellberg
Extra Forwards
Normal : Rasmus Kupari, Dylan Sikura, Trey Fix-Wolansky - PP : Trent Frederic, Artturi Lehkonen - PK : Trey Fix-Wolansky
Extra Defensemen
Normal : Frederic Allard, Sami Niku, Jeremy Lauzon - PP : Sami Niku - PK : Frederic Allard, Dylan Blujus
Penalty Shots
Rourke Chartier, Anthony Richard, Joachim Blichfeld, Trey Fix-Wolansky, Rasmus Kupari
Custom OT Lines Forwards
Rourke Chartier, Pierre Engvall, Dylan Sikura, Joachim Blichfeld, Anthony Richard, Trent Frederic, Artturi Lehkonen, Michael Rasmussen, Emil Bemstrom, Paul Cotter
Custom OT Lines Defensemen
Jeremy Lauzon, Henri Jokiharju, Dylan Blujus, Frederic Allard, Matt Roy
Scratches
Nathan Smith (Healthy), Calen Addison (Healthy), Alex Vlasic (Healthy), Jakob Pelletier (Healthy), Rafael Harvey-Pinard (Healthy)
Nicholas Robertson (Healthy), Arturs Silovs (Healthy)
% Time on Ice - Islander
Lines # - Real PCT - Wanted PCT - Time Play
Normal Forward
1 - 35% - 40% - 16:19
2 - 30% - 30% - 13:48
3 - 20% - 20% - 9:23
4 - 15% - 10% - 7:08
Normal Defense
1 - 38% - 40% - 17:44
2 - 30% - 30% - 14:10
3 - 27% - 20% - 12:43
4 - 4% - 10% - 2:01
PP Forward
1 - 66% - 60% - 1:53
2 - 34% - 40% - 0:57
PP Defense
1 - 70% - 60% - 1:59
2 - 30% - 40% - 0:51
PK Forward
1 - 75% - 60% - 7:57
2 - 25% - 40% - 2:35
PK Defense
1 - 58% - 60% - 6:08
2 - 42% - 40% - 4:24
PK3 Forward
1 - 0% - 60%
2 - 0% - 40%
PK3 Defense
1 - 0% - 60%
2 - 0% - 40%
44 Forward
1 - 0% - 60%
2 - 0% - 40%
44 Defense
1 - 0% - 60%
2 - 0% - 40%
Last Minute Offensive - 0:00
Last Minute Defensive - 0:00
Total
Forward - 60:00
Defense - 60:00
|
% Time on Ice - Thunderbirds
Lines # - Real PCT - Wanted PCT - Time Play
Normal Forward
1 - 35% - 40% - 16:32
2 - 27% - 30% - 12:47
3 - 21% - 20% - 10:01
4 - 16% - 10% - 7:18
Normal Defense
1 - 42% - 40% - 19:33
2 - 30% - 30% - 14:09
3 - 22% - 20% - 10:09
4 - 6% - 10% - 2:47
PP Forward
1 - 54% - 60% - 5:41
2 - 46% - 40% - 4:51
PP Defense
1 - 64% - 60% - 6:46
2 - 36% - 40% - 3:46
PK Forward
1 - 83% - 60% - 2:21
2 - 17% - 40% - 0:29
PK Defense
1 - 71% - 60% - 2:00
2 - 29% - 40% - 0:50
PK3 Forward
1 - 0% - 60%
2 - 0% - 40%
PK3 Defense
1 - 0% - 60%
2 - 0% - 40%
44 Forward
1 - 0% - 60%
2 - 0% - 40%
44 Defense
1 - 0% - 60%
2 - 0% - 40%
Last Minute Offensive - 0:00
Last Minute Defensive - 0:00
Total
Forward - 60:00
Defense - 60:00
|
Play-by-Play
1st period
0:01 of 1st period - Rourke Chartier wins face-off versus Joe Labate in neutral zone.
0:08 of 1st period - Snap shot by Joe Labate.
0:08 of 1st period - Shot Misses the Net.
0:10 of 1st period - Wrist shot by Oliver Kylington.
0:10 of 1st period - Stopped by Emil Larmi without a rebound.
0:11 of 1st period - Rhett Gardner wins face-off versus Anthony Richard in Thunderbirds zone.
0:39 of 1st period - Casey Staum is hit by Matt Roy and loses puck.
1:28 of 1st period - Snap shot by Filip Zadina.
1:28 of 1st period - Stopped by Emil Larmi with a rebound.
2:54 of 1st period - Snap shot by Artturi Lehkonen.
2:54 of 1st period - Shot Blocked by Jakub Galvas.
2:56 of 1st period - Slapshot by Henri Jokiharju.
2:56 of 1st period - Shot Misses the Net.
2:58 of 1st period - Slapshot by Trent Frederic.
2:58 of 1st period - Deflect By Emil Bemstrom.
2:58 of 1st period - Shot Misses the Net.
2:58 of 1st period - Puck is out of play.
2:59 of 1st period - Joe Labate wins face-off versus Pierre Engvall in Islander zone.
3:24 of 1st period - Jake Walman is hit by Michael Rasmussen and loses puck.
4:05 of 1st period - Pierre Engvall is hit by Austin Watson and loses puck.
4:19 of 1st period - Austin Watson is hit by Frederic Allard and loses puck.
4:59 of 1st period - Snap shot by Rhett Gardner.
4:59 of 1st period - Shot Misses the Net.
5:49 of 1st period - Wrist shot by Dylan Sikura.
5:49 of 1st period - Stopped by Chris Driedger without a rebound.
5:50 of 1st period - Anthony Richard wins face-off versus Rhett Gardner in Islander zone.
5:51 of 1st period - Wrist shot by Dylan Sikura.
5:51 of 1st period - Shot Misses the Net.
5:53 of 1st period - Slapshot by Frederic Allard.
5:53 of 1st period - Stopped by Chris Driedger with a rebound.
5:55 of 1st period - Wrist shot by Michael Rasmussen.
5:55 of 1st period - Shot Misses the Net.
5:57 of 1st period - Snap shot by Anthony Richard.
5:57 of 1st period - Shot Blocked by Tyrell Goulbourne.
5:59 of 1st period - Snap shot by Dylan Sikura.
5:59 of 1st period - Shot Misses the Net.
6:19 of 1st period - Off-side.
6:20 of 1st period - Rourke Chartier wins face-off versus Philip Tomasino in neutral zone.
6:50 of 1st period - Oliver Kylington is hit by Dylan Sikura and loses puck.
7:35 of 1st period - Snap shot by Filip Zadina.
7:35 of 1st period - Shot Misses the Net.
7:45 of 1st period - Slapshot by Oliver Kylington.
7:45 of 1st period - Deflect By Filip Zadina.
7:45 of 1st period - Shot Misses the Net.
7:45 of 1st period - Puck is out of play.
7:46 of 1st period - Joe Labate wins face-off versus Anthony Richard in Thunderbirds zone.
7:47 of 1st period - Slapshot by Austin Watson.
7:47 of 1st period - Goal by Austin Watson - Islander : 1 - Thunderbirds : 0.
7:48 of 1st period - Joe Labate wins face-off versus Rourke Chartier in neutral zone.
7:57 of 1st period - Wrist shot by Ben Thomson.
7:57 of 1st period - Stopped by Emil Larmi without a rebound.
7:58 of 1st period - Rourke Chartier wins face-off versus Joe Labate in Thunderbirds zone.
7:58 of 1st period - Rourke Chartier is hit by Ben Thomson.
8:20 of 1st period - Backhand shot by Joe Labate.
8:20 of 1st period - Deflect By Austin Watson.
8:20 of 1st period - Stopped by Emil Larmi with a rebound.
8:24 of 1st period - Backhand shot by Austin Watson.
8:24 of 1st period - Stopped by Emil Larmi without a rebound.
8:25 of 1st period - Dylan Sikura wins face-off versus Rhett Gardner in Thunderbirds zone.
8:25 of 1st period - Dylan Sikura is hit by Tyrell Goulbourne.
8:31 of 1st period - Snap shot by Anthony Richard.
8:31 of 1st period - Stopped by Chris Driedger with a rebound.
8:41 of 1st period - Snap shot by Rhett Gardner.
8:41 of 1st period - Shot Misses the Net.
9:03 of 1st period - Matt Roy is hit by Noah Cates and loses puck.
9:16 of 1st period - Ronnie Attard is hit by Joachim Blichfeld and loses puck.
9:39 of 1st period - Jeremy Lauzon is hit by Alex Steeves and loses puck.
10:20 of 1st period - Noah Cates is hit by Emil Bemstrom and loses puck.
10:58 of 1st period - Slapshot by Rhett Gardner.
10:58 of 1st period - Stopped by Emil Larmi with a rebound.
11:00 of 1st period - Slapshot by Jake Walman.
11:00 of 1st period - Shot Blocked by Rasmus Kupari.
11:02 of 1st period - Backhand shot by Rhett Gardner.
11:02 of 1st period - Stopped by Emil Larmi with a rebound.
11:04 of 1st period - Slapshot by Rhett Gardner.
11:04 of 1st period - Stopped by Emil Larmi with a rebound.
11:06 of 1st period - Wrist shot by Kirill Marchenko.
11:06 of 1st period - Shot Misses the Net.
11:52 of 1st period - Snap shot by Emil Bemstrom.
11:52 of 1st period - Stopped by Chris Driedger with a rebound.
11:54 of 1st period - Wrist shot by Joachim Blichfeld.
11:54 of 1st period - Deflect By Noah Cates.
11:54 of 1st period - Shot Misses the Net.
11:54 of 1st period - Puck is out of play.
11:55 of 1st period - Rourke Chartier wins face-off versus Philip Tomasino in Islander zone.
11:58 of 1st period - Snap shot by Joachim Blichfeld.
11:58 of 1st period - Shot Misses the Net.
12:24 of 1st period - Off-side.
12:25 of 1st period - Joe Labate wins face-off versus Anthony Richard in neutral zone.
12:28 of 1st period - Slapshot by Ben Thomson.
12:28 of 1st period - Deflect By Austin Watson.
12:28 of 1st period - Shot Misses the Net.
12:28 of 1st period - Puck is out of play.
12:29 of 1st period - Anthony Richard wins face-off versus Joe Labate in Thunderbirds zone.
12:36 of 1st period - Wrist shot by Joe Labate.
12:36 of 1st period - Deflect By Ben Thomson.
12:36 of 1st period - Shot Blocked by Frederic Allard.
12:36 of 1st period - Puck is out of play.
12:37 of 1st period - Joe Labate wins face-off versus Rourke Chartier in Thunderbirds zone.
12:40 of 1st period - Snap shot by Ben Thomson.
12:40 of 1st period - Stopped by Emil Larmi without a rebound.
12:41 of 1st period - Rourke Chartier wins face-off versus Joe Labate in Thunderbirds zone.
12:46 of 1st period - Wrist shot by Joe Labate.
12:46 of 1st period - Stopped by Emil Larmi with a rebound.
12:48 of 1st period - Slapshot by Jake Walman.
12:48 of 1st period - Deflect By Austin Watson.
12:48 of 1st period - Stopped by Emil Larmi without a rebound.
12:49 of 1st period - Dylan Sikura wins face-off versus Ben Thomson in Thunderbirds zone.
12:56 of 1st period - Wrist shot by Austin Watson.
12:56 of 1st period - Stopped by Emil Larmi without a rebound.
12:57 of 1st period - Anthony Richard wins face-off versus Austin Watson in Thunderbirds zone.
13:18 of 1st period - Jake Walman is hit by Anthony Richard and loses puck.
13:37 of 1st period - Snap shot by Dylan Sikura.
13:37 of 1st period - Deflect By Anthony Richard.
13:37 of 1st period - Stopped by Chris Driedger with a rebound.
13:39 of 1st period - Wrist shot by Dylan Sikura.
13:39 of 1st period - Goal by Dylan Sikura - Islander : 1 - Thunderbirds : 1.
13:40 of 1st period - Rourke Chartier wins face-off versus Rhett Gardner in neutral zone.
13:45 of 1st period - Backhand shot by Rourke Chartier.
13:45 of 1st period - Stopped by Chris Driedger with a rebound.
13:47 of 1st period - Snap shot by Pierre Engvall.
13:47 of 1st period - Shot Misses the Net.
14:17 of 1st period - Icing by Henri Jokiharju.
14:18 of 1st period - Trent Frederic wins face-off versus Ben Thomson in Thunderbirds zone.
14:25 of 1st period - Slapshot by Jeremy Lauzon.
14:25 of 1st period - Shot Misses the Net.
14:54 of 1st period - Snap shot by Rhett Gardner.
14:54 of 1st period - Stopped by Emil Larmi without a rebound.
14:55 of 1st period - Rourke Chartier wins face-off versus Austin Watson in Thunderbirds zone.
15:04 of 1st period - Snap shot by Joachim Blichfeld.
15:04 of 1st period - Shot Blocked by Jakub Galvas.
15:23 of 1st period - Slapshot by Rourke Chartier.
15:23 of 1st period - Shot Blocked by Rhett Gardner.
15:53 of 1st period - Snap shot by Trey Fix-Wolansky.
15:53 of 1st period - Shot Blocked by Rhett Gardner.
16:43 of 1st period - Icing by Henri Jokiharju.
16:44 of 1st period - Philip Tomasino wins face-off versus Rourke Chartier in Thunderbirds zone.
16:49 of 1st period - Wrist shot by Filip Zadina.
16:49 of 1st period - Stopped by Emil Larmi without a rebound.
16:50 of 1st period - Anthony Richard wins face-off versus Alex Steeves in Thunderbirds zone.
17:31 of 1st period - Minor Penalty to Joe Labate for Tripping.
17:32 of 1st period - Tyrell Goulbourne wins face-off versus Rourke Chartier in Islander zone.
17:57 of 1st period - Casey Staum is hit by Anthony Richard and loses puck.
19:31 of 1st period - Penalty to Joe Labate is over, Joe Labate is back on ice.
19:46 of 1st period - Icing by Filip Zadina.
19:47 of 1st period - Trey Fix-Wolansky wins face-off versus Joe Labate in Islander zone.
19:48 of 1st period - Snap shot by Rasmus Kupari.
19:48 of 1st period - Stopped by Chris Driedger without a rebound.
19:49 of 1st period - Joe Labate wins face-off versus Rasmus Kupari in Islander zone.
19:54 of 1st period - Slapshot by Joe Labate.
19:54 of 1st period - Shot Blocked by Jeremy Lauzon.
19:56 of 1st period - Backhand shot by Ronnie Attard.
19:56 of 1st period - Stopped by Emil Larmi with a rebound.
19:58 of 1st period - Slapshot by Ronnie Attard.
19:58 of 1st period - Deflect By Joe Labate.
19:58 of 1st period - Shot Misses the Net.
19:58 of 1st period - Puck is out of play.
19:59 of 1st period - Rasmus Kupari wins face-off versus Joe Labate in Thunderbirds zone.
Goals for this period are 1 for Islander vs 1 for Thunderbirds.
Shots for this period are 16 for Islander vs 8 for Thunderbirds.
2nd period
0:01 of 2nd period - Joe Labate wins face-off versus Rourke Chartier in neutral zone.
0:50 of 2nd period - Snap shot by Oliver Kylington.
0:50 of 2nd period - Stopped by Emil Larmi without a rebound.
0:51 of 2nd period - Rhett Gardner wins face-off versus Anthony Richard in Thunderbirds zone.
0:58 of 2nd period - Wrist shot by Rhett Gardner.
0:58 of 2nd period - Goal by Rhett Gardner - Islander : 2 - Thunderbirds : 1.
0:59 of 2nd period - Rourke Chartier wins face-off versus Kirill Marchenko in neutral zone.
1:24 of 2nd period - Ben Thomson is hit by Michael Rasmussen and loses puck.
1:31 of 2nd period - Wrist shot by Anthony Richard.
1:31 of 2nd period - Deflect By Austin Watson.
1:31 of 2nd period - Stopped by Chris Driedger without a rebound.
1:32 of 2nd period - Rhett Gardner wins face-off versus Anthony Richard in Islander zone.
1:32 of 2nd period - Rhett Gardner is hit by Dylan Blujus.
1:57 of 2nd period - Matt Roy is hit by Joe Labate and loses puck.
2:40 of 2nd period - Backhand shot by Noah Cates.
2:40 of 2nd period - Shot Misses the Net.
2:56 of 2nd period - Wrist shot by Tyrell Goulbourne.
2:56 of 2nd period - Shot Misses the Net.
2:58 of 2nd period - Snap shot by Kirill Marchenko.
2:58 of 2nd period - Shot Misses the Net.
3:00 of 2nd period - Slapshot by Kirill Marchenko.
3:00 of 2nd period - Stopped by Emil Larmi with a rebound.
3:02 of 2nd period - Wrist shot by Rhett Gardner.
3:02 of 2nd period - Shot Misses the Net.
3:04 of 2nd period - Slapshot by Tyrell Goulbourne.
3:04 of 2nd period - Goal by Tyrell Goulbourne - Islander : 3 - Thunderbirds : 1.
3:05 of 2nd period - Joachim Blichfeld wins face-off versus Joe Labate in neutral zone.
3:47 of 2nd period - Minor Penalty to Alex Steeves for Delaying the game.
3:48 of 2nd period - Joe Labate wins face-off versus Rourke Chartier in Islander zone.
3:57 of 2nd period - Slapshot by Jeremy Lauzon.
3:57 of 2nd period - Shot Misses the Net.
3:59 of 2nd period - Slapshot by Jeremy Lauzon.
3:59 of 2nd period - Deflect By Joachim Blichfeld.
3:59 of 2nd period - Shot Misses the Net.
3:59 of 2nd period - Puck is out of play.
4:00 of 2nd period - Joe Labate wins face-off versus Rourke Chartier in Islander zone.
4:15 of 2nd period - Wrist shot by Rourke Chartier.
4:15 of 2nd period - Shot Misses the Net.
4:17 of 2nd period - Slapshot by Rourke Chartier.
4:17 of 2nd period - Shot Misses the Net.
5:47 of 2nd period - Penalty to Alex Steeves is over, Alex Steeves is back on ice.
6:40 of 2nd period - Rourke Chartier is hit by Filip Zadina and loses puck.
6:53 of 2nd period - Trent Frederic is hit by Noah Cates and loses puck.
7:10 of 2nd period - Artturi Lehkonen is hit by Ben Thomson and loses puck.
7:19 of 2nd period - Slapshot by Emil Bemstrom.
7:19 of 2nd period - Shot Misses the Net.
7:21 of 2nd period - Wrist shot by Artturi Lehkonen.
7:21 of 2nd period - Stopped by Chris Driedger without a rebound.
7:22 of 2nd period - Anthony Richard wins face-off versus Rhett Gardner in Islander zone.
7:25 of 2nd period - Wrist shot by Anthony Richard.
7:25 of 2nd period - Shot Blocked by Tyrell Goulbourne.
7:47 of 2nd period - Anthony Richard is hit by Jake Walman and loses puck.
7:56 of 2nd period - Snap shot by Ben Thomson.
7:56 of 2nd period - Stopped by Emil Larmi without a rebound.
7:57 of 2nd period - Rhett Gardner wins face-off versus Rourke Chartier in Thunderbirds zone.
8:02 of 2nd period - Wrist shot by Tyrell Goulbourne.
8:02 of 2nd period - Shot Blocked by Henri Jokiharju.
8:04 of 2nd period - Wrist shot by Kirill Marchenko.
8:04 of 2nd period - Shot Misses the Net.
8:06 of 2nd period - Snap shot by Kirill Marchenko.
8:06 of 2nd period - Shot Misses the Net.
8:08 of 2nd period - Slapshot by Tyrell Goulbourne.
8:08 of 2nd period - Shot Hit the Post.
8:26 of 2nd period - Wrist shot by Paul Cotter.
8:26 of 2nd period - Deflect By Trey Fix-Wolansky.
8:26 of 2nd period - Stopped by Chris Driedger with a rebound.
8:28 of 2nd period - Slapshot by Henri Jokiharju.
8:28 of 2nd period - Stopped by Chris Driedger without a rebound.
8:29 of 2nd period - Rasmus Kupari wins face-off versus Alex Steeves in Islander zone.
8:37 of 2nd period - Snap shot by Trey Fix-Wolansky.
8:37 of 2nd period - Goal by Trey Fix-Wolansky - Islander : 3 - Thunderbirds : 2.
8:38 of 2nd period - Joe Labate wins face-off versus Rourke Chartier in neutral zone.
8:56 of 2nd period - Minor Penalty to Ben Thomson for Tripping.
8:57 of 2nd period - Rourke Chartier wins face-off versus Joe Labate in Islander zone.
9:31 of 2nd period - Snap shot by Emil Bemstrom.
9:31 of 2nd period - Stopped by Chris Driedger with a rebound.
9:33 of 2nd period - Slapshot by Sami Niku.
9:33 of 2nd period - Goal by Sami Niku - Islander : 3 - Thunderbirds : 3.
9:34 of 2nd period - Rourke Chartier wins face-off versus Rhett Gardner in neutral zone.
10:01 of 2nd period - Kirill Marchenko is hit by Henri Jokiharju and loses puck.
10:39 of 2nd period - Off-side.
10:40 of 2nd period - Rourke Chartier wins face-off versus Joe Labate in neutral zone.
11:22 of 2nd period - Minor Penalty to Steven Spinner for Delaying the game.
11:23 of 2nd period - Joe Labate wins face-off versus Rourke Chartier in Islander zone.
11:29 of 2nd period - Icing by Sami Niku.
11:30 of 2nd period - Rourke Chartier wins face-off versus Joe Labate in Thunderbirds zone.
13:22 of 2nd period - Penalty to Steven Spinner is over, Steven Spinner is back on ice.
13:54 of 2nd period - Snap shot by Dylan Sikura.
13:54 of 2nd period - Shot Blocked by Steven Spinner.
13:56 of 2nd period - Slapshot by Jeremy Lauzon.
13:56 of 2nd period - Shot Misses the Net.
13:58 of 2nd period - Slapshot by Jeremy Lauzon.
13:58 of 2nd period - Stopped by Chris Driedger with a rebound.
14:00 of 2nd period - Snap shot by Sami Niku.
14:00 of 2nd period - Stopped by Chris Driedger with a rebound.
14:02 of 2nd period - Slapshot by Dylan Sikura.
14:02 of 2nd period - Goal by Dylan Sikura - Islander : 3 - Thunderbirds : 4.
14:03 of 2nd period - Rourke Chartier wins face-off versus Joe Labate in neutral zone.
14:16 of 2nd period - Snap shot by Joachim Blichfeld.
14:16 of 2nd period - Shot Misses the Net.
14:18 of 2nd period - Snap shot by Rourke Chartier.
14:18 of 2nd period - Stopped by Chris Driedger without a rebound.
14:19 of 2nd period - Anthony Richard wins face-off versus Tyrell Goulbourne in Islander zone.
14:24 of 2nd period - Wrist shot by Dylan Sikura.
14:24 of 2nd period - Shot Misses the Net.
15:04 of 2nd period - Wrist shot by Philip Tomasino.
15:04 of 2nd period - Stopped by Emil Larmi with a rebound.
15:06 of 2nd period - Slapshot by Jakub Galvas.
15:06 of 2nd period - Stopped by Emil Larmi with a rebound.
15:08 of 2nd period - Slapshot by Jakub Galvas.
15:08 of 2nd period - Stopped by Emil Larmi with a rebound.
16:27 of 2nd period - Michael Rasmussen is hit by Ville Heinola and loses puck.
17:09 of 2nd period - Wrist shot by Trey Fix-Wolansky.
17:09 of 2nd period - Shot Misses the Net.
18:02 of 2nd period - Snap shot by Rhett Gardner.
18:02 of 2nd period - Stopped by Emil Larmi without a rebound.
18:03 of 2nd period - Trent Frederic wins face-off versus Ben Thomson in Thunderbirds zone.
18:10 of 2nd period - Wrist shot by Ben Thomson.
18:10 of 2nd period - Shot Misses the Net.
18:12 of 2nd period - Snap shot by Ben Thomson.
18:12 of 2nd period - Stopped by Emil Larmi with a rebound.
18:14 of 2nd period - Slapshot by Casey Staum.
18:14 of 2nd period - Shot Misses the Net.
18:16 of 2nd period - Slapshot by Jakub Galvas.
18:16 of 2nd period - Shot Misses the Net.
18:18 of 2nd period - Snap shot by Austin Watson.
18:18 of 2nd period - Shot Misses the Net.
18:55 of 2nd period - Dylan Sikura is hit by Jake Walman and loses puck.
19:10 of 2nd period - Snap shot by Joachim Blichfeld.
19:10 of 2nd period - Shot Misses the Net.
19:12 of 2nd period - Wrist shot by Pierre Engvall.
19:12 of 2nd period - Shot Blocked by Ronnie Attard.
19:36 of 2nd period - Snap shot by Ben Thomson.
19:36 of 2nd period - Shot Misses the Net.
19:56 of 2nd period - Icing by Kirill Marchenko.
19:57 of 2nd period - Joachim Blichfeld wins face-off versus Rhett Gardner in Islander zone.
Goals for this period are 2 for Islander vs 3 for Thunderbirds.
Shots for this period are 10 for Islander vs 11 for Thunderbirds.
3rd period
0:01 of 3rd period - Joe Labate wins face-off versus Rourke Chartier in neutral zone.
0:12 of 3rd period - Snap shot by Ben Thomson.
0:12 of 3rd period - Stopped by Emil Larmi without a rebound.
0:13 of 3rd period - Pierre Engvall wins face-off versus Ben Thomson in Thunderbirds zone.
0:26 of 3rd period - Wrist shot by Joachim Blichfeld.
0:26 of 3rd period - Stopped by Chris Driedger with a rebound.
0:49 of 3rd period - Off-side.
0:50 of 3rd period - Rourke Chartier wins face-off versus Joe Labate in neutral zone.
0:52 of 3rd period - Sami Niku is hit by Oliver Kylington and loses puck.
1:09 of 3rd period - Jake Walman is hit by Rourke Chartier and loses puck.
1:30 of 3rd period - Dylan Blujus is hit by Rhett Gardner and loses puck.
1:41 of 3rd period - Jakub Galvas is hit by Trent Frederic and loses puck.
1:48 of 3rd period - Slapshot by Filip Zadina.
1:48 of 3rd period - Stopped by Emil Larmi with a rebound.
1:50 of 3rd period - Wrist shot by Alex Steeves.
1:50 of 3rd period - Shot Blocked by Emil Bemstrom.
2:04 of 3rd period - Wrist shot by Rasmus Kupari.
2:04 of 3rd period - Shot Misses the Net.
2:06 of 3rd period - Snap shot by Rasmus Kupari.
2:06 of 3rd period - Shot Blocked by Ronnie Attard.
2:08 of 3rd period - Slapshot by Matt Roy.
2:08 of 3rd period - Shot Misses the Net.
2:10 of 3rd period - Wrist shot by Trey Fix-Wolansky.
2:10 of 3rd period - Shot Misses the Net.
2:26 of 3rd period - Wrist shot by Joe Labate.
2:26 of 3rd period - Stopped by Emil Larmi with a rebound.
2:28 of 3rd period - Snap shot by Joe Labate.
2:28 of 3rd period - Stopped by Emil Larmi with a rebound.
2:30 of 3rd period - Slapshot by Joe Labate.
2:30 of 3rd period - Stopped by Emil Larmi without a rebound.
2:31 of 3rd period - Anthony Richard wins face-off versus Joe Labate in Thunderbirds zone.
2:36 of 3rd period - Wrist shot by Michael Rasmussen.
2:36 of 3rd period - Deflect By Dylan Sikura.
2:36 of 3rd period - Shot Misses the Net.
2:36 of 3rd period - Puck is out of play.
2:37 of 3rd period - Joe Labate wins face-off versus Anthony Richard in Islander zone.
2:48 of 3rd period - Off-side.
2:49 of 3rd period - Joachim Blichfeld wins face-off versus Joe Labate in neutral zone.
2:52 of 3rd period - Slapshot by Rourke Chartier.
2:52 of 3rd period - Shot Blocked by Oliver Kylington.
2:54 of 3rd period - Wrist shot by Joachim Blichfeld.
2:54 of 3rd period - Stopped by Chris Driedger with a rebound.
2:56 of 3rd period - Wrist shot by Pierre Engvall.
2:56 of 3rd period - Goal by Pierre Engvall - Islander : 3 - Thunderbirds : 5.
2:56 of 3rd period - Kaapo Kahkonen enters game.
2:57 of 3rd period - Rourke Chartier wins face-off versus Austin Watson in neutral zone.
3:02 of 3rd period - Wrist shot by Joachim Blichfeld.
3:02 of 3rd period - Shot Misses the Net.
3:04 of 3rd period - Snap shot by Rourke Chartier.
3:04 of 3rd period - Shot Blocked by Oliver Kylington.
3:06 of 3rd period - Backhand shot by Henri Jokiharju.
3:06 of 3rd period - Shot Blocked by Jake Walman.
3:08 of 3rd period - Slapshot by Henri Jokiharju.
3:08 of 3rd period - Deflect By Austin Watson.
3:08 of 3rd period - Stopped by Kaapo Kahkonen with a rebound.
3:10 of 3rd period - Wrist shot by Rourke Chartier.
3:10 of 3rd period - Shot Blocked by Jake Walman.
3:12 of 3rd period - Slapshot by Henri Jokiharju.
3:12 of 3rd period - Stopped by Kaapo Kahkonen without a rebound.
3:13 of 3rd period - Rhett Gardner wins face-off versus Anthony Richard in Islander zone.
3:45 of 3rd period - Snap shot by Filip Zadina.
3:45 of 3rd period - Shot Misses the Net.
3:47 of 3rd period - Slapshot by Jake Walman.
3:47 of 3rd period - Stopped by Emil Larmi with a rebound.
3:49 of 3rd period - Slapshot by Jake Walman.
3:49 of 3rd period - Stopped by Emil Larmi with a rebound.
3:51 of 3rd period - Slapshot by Oliver Kylington.
3:51 of 3rd period - Shot Blocked by Pierre Engvall.
4:03 of 3rd period - Austin Watson is hit by Artturi Lehkonen and loses puck.
4:10 of 3rd period - Wrist shot by Trent Frederic.
4:10 of 3rd period - Stopped by Kaapo Kahkonen without a rebound.
4:11 of 3rd period - Joe Labate wins face-off versus Anthony Richard in Islander zone.
4:11 of 3rd period - Joe Labate is hit by Henri Jokiharju.
4:36 of 3rd period - Wrist shot by Joachim Blichfeld.
4:36 of 3rd period - Stopped by Kaapo Kahkonen with a rebound.
4:40 of 3rd period - Backhand shot by Rourke Chartier.
4:40 of 3rd period - Goal by Rourke Chartier - Islander : 3 - Thunderbirds : 6.
4:41 of 3rd period - Joe Labate wins face-off versus Rourke Chartier in neutral zone.
4:53 of 3rd period - Minor Penalty to Austin Watson for Hooking.
4:54 of 3rd period - Joe Labate wins face-off versus Rourke Chartier in Islander zone.
6:53 of 3rd period - Penalty to Austin Watson is over, Austin Watson is back on ice.
7:07 of 3rd period - Snap shot by Artturi Lehkonen.
7:07 of 3rd period - Stopped by Kaapo Kahkonen without a rebound.
7:08 of 3rd period - Philip Tomasino wins face-off versus Rasmus Kupari in Islander zone.
7:21 of 3rd period - Wrist shot by Noah Cates.
7:21 of 3rd period - Stopped by Emil Larmi with a rebound.
7:43 of 3rd period - Snap shot by Emil Bemstrom.
7:43 of 3rd period - Shot Misses the Net.
7:59 of 3rd period - Snap shot by Ben Thomson.
7:59 of 3rd period - Shot Hit the Post.
8:01 of 3rd period - Wrist shot by Joe Labate.
8:01 of 3rd period - Stopped by Emil Larmi without a rebound.
8:02 of 3rd period - Joe Labate wins face-off versus Anthony Richard in Thunderbirds zone.
8:13 of 3rd period - Austin Watson is hit by Jeremy Lauzon and loses puck.
8:30 of 3rd period - Snap shot by Tyrell Goulbourne.
8:30 of 3rd period - Stopped by Emil Larmi with a rebound.
9:02 of 3rd period - Icing by Philip Tomasino.
9:03 of 3rd period - Anthony Richard wins face-off versus Philip Tomasino in Islander zone.
9:14 of 3rd period - Snap shot by Dylan Sikura.
9:14 of 3rd period - Goal by Dylan Sikura - Islander : 3 - Thunderbirds : 7.
9:15 of 3rd period - Rourke Chartier wins face-off versus Joe Labate in neutral zone.
9:24 of 3rd period - Wrist shot by Joachim Blichfeld.
9:24 of 3rd period - Shot Blocked by Ben Thomson.
10:00 of 3rd period - Minor Penalty to Kirill Marchenko for Tripping.
10:01 of 3rd period - Rourke Chartier wins face-off versus Joe Labate in Islander zone.
10:10 of 3rd period - Snap shot by Jakub Galvas.
10:10 of 3rd period - Deflect By Joachim Blichfeld.
10:10 of 3rd period - Stopped by Emil Larmi with a rebound.
12:00 of 3rd period - Penalty to Kirill Marchenko is over, Kirill Marchenko is back on ice.
13:17 of 3rd period - Joachim Blichfeld is hit by Filip Zadina and loses puck.
14:14 of 3rd period - Michael Rasmussen is hit by Casey Staum and loses puck.
14:29 of 3rd period - Snap shot by Artturi Lehkonen.
14:29 of 3rd period - Stopped by Kaapo Kahkonen with a rebound.
14:41 of 3rd period - Henri Jokiharju is hit by Ben Thomson and loses puck.
15:21 of 3rd period - Radovan Bondra is hit by Trey Fix-Wolansky.
15:37 of 3rd period - Ronnie Attard is hit by Sami Niku and loses puck.
15:59 of 3rd period - Slapshot by Ben Thomson.
15:59 of 3rd period - Stopped by Emil Larmi without a rebound.
16:00 of 3rd period - Rourke Chartier wins face-off versus Rhett Gardner in Thunderbirds zone.
16:05 of 3rd period - Snap shot by Rhett Gardner.
16:05 of 3rd period - Stopped by Emil Larmi with a rebound.
16:07 of 3rd period - Wrist shot by Tyrell Goulbourne.
16:07 of 3rd period - Shot Misses the Net.
16:09 of 3rd period - Snap shot by Kirill Marchenko.
16:09 of 3rd period - Shot Misses the Net.
16:11 of 3rd period - Snap shot by Kirill Marchenko.
16:11 of 3rd period - Stopped by Emil Larmi with a rebound.
16:16 of 3rd period - Minor Penalty to Joachim Blichfeld for Hooking.
16:17 of 3rd period - Joe Labate wins face-off versus Trent Frederic in Thunderbirds zone.
16:26 of 3rd period - Icing by Oliver Kylington.
16:27 of 3rd period - Joe Labate wins face-off versus Trent Frederic in Islander zone.
16:46 of 3rd period - Pierre Engvall is hit by Ben Thomson and loses puck.
16:53 of 3rd period - Wrist shot by Ben Thomson.
16:53 of 3rd period - Shot Misses the Net.
16:55 of 3rd period - Wrist shot by Austin Watson.
16:55 of 3rd period - Stopped by Emil Larmi with a rebound.
17:07 of 3rd period - Wrist shot by Ben Thomson.
17:07 of 3rd period - Goal by Ben Thomson - Islander : 4 - Thunderbirds : 7.
17:08 of 3rd period - Anthony Richard wins face-off versus Rhett Gardner in neutral zone.
17:33 of 3rd period - Pierre Engvall is hit by Austin Watson and loses puck.
17:44 of 3rd period - Wrist shot by Rourke Chartier.
17:44 of 3rd period - Shot Misses the Net.
17:55 of 3rd period - Minor Penalty to Sami Niku for Hooking.
17:56 of 3rd period - Joe Labate wins face-off versus Trent Frederic in Thunderbirds zone.
19:55 of 3rd period - Penalty to Sami Niku is over, Sami Niku is back on ice.
Goals for this period are 1 for Islander vs 3 for Thunderbirds.
Shots for this period are 16 for Islander vs 11 for Thunderbirds.